 Dungeon Crawl Stone Soup version 0.31.0-11-ge490571c62 (webtiles) character file.

Game seed: 11198637924259121473

991 GhostPizza the Fighter (level 7, 0/68 HPs)
             Began as a Minotaur Berserker on Feb 5, 2024.
             Was a Priest of Trog.
             Shot with an arrow by a centaur (10 damage)
             ... on level 7 of the Dungeon.
             The game lasted 00:18:30 (4448 turns).

GhostPizza the Fighter (Minotaur Berserker)         Turns: 4448, Time: 00:18:31

Health: 0/68       AC:  6    Str: 23    XL:     7   Next: 98%
Magic:  6/6        EV: 12    Int:  4    God:    Trog [***...]
Gold:   299        SH:  0    Dex: 10    Spells: 6/6 levels left

rFire   . . .        u - +2 long sword (elec)
rCold   . . .        (no shield)
rNeg    . . .        c - +0 ring mail
rPois   .            (helmet restricted)
rElec   .            (no cloak)
rCorr   .            (no gloves)
SInv    .            (no boots)
Will    .....        (no amulet) Stlth
                     (no ring)
HPRegen 0.31/turn    (no ring)
MPRegen 0.10/turn

%: no passive effects
@: about to teleport, hasted, very quick
A: horns 2, retaliatory headbutt
a: Renounce Religion, Berserk, Trog's Hand


You were on level 7 of the Dungeon.
You worshipped Trog.
Trog was most pleased with you.
You visited 1 branch of the dungeon, and saw 6 of its levels.
You also visited: Sewer.

You collected 380 gold pieces.
You spent 81 gold pieces at shops.

Inventory:

Hand Weapons
 a - a +0 mace
 e - a +2 dagger of protection
 f - a +0 sling
 u - a +2 long sword of electrocution (weapon)
Missiles
 x - 6 poisoned darts (quivered)
 y - 6 javelins
Armour
 c - a +0 ring mail (worn)
Jewellery
 p - a +4 ring of protection
Wands
 d - a wand of paralysis (20)
 z - a wand of acid (8)
Scrolls
 b - 5 scrolls of fear
 h - a scroll of poison {unknown}
 l - 3 scrolls of teleportation
 n - 2 scrolls of fog {unknown}
 r - a scroll of noise {unknown}
 v - a scroll of acquirement {unknown}
 w - a scroll of identify
Potions
 g - 3 potions of curing
 i - a potion of heal wounds {unknown}
 j - 4 potions of degeneration {unknown}
 k - a potion of invisibility {unknown}
 m - 2 potions of magic
 o - a potion of lignification {unknown}
 q - a potion of cancellation {unknown}
 s - a potion of haste
 t - a potion of berserk rage {unknown}


   Skills:
 - Level 8.0 Fighting
 - Level 3.6 Maces & Flails
 + Level 6.3 Armour
 + Level 5.7 Dodging


You had 6 spell levels left.
You didn't know any spells.
Your spell library was empty.

Dungeon Overview and Level Annotations

Branches:
Dungeon (5/15)             Temple (0/1) D:4           Sewer (visited)

Altars:
Fedhas
Qazlal
Uskayaw
Wu Jian

Shops:
D:3 *


Innate Abilities, Weirdness & Mutations

You have a pair of horns on your head.
You reflexively headbutt those who attack you in melee.


Message History

You barely miss the gnoll. You headbutt the gnoll!
You kill the gnoll!
Trog accepts your kill.
You feel a strong urge to attack something.
Your skin stops crawling.
You feel less strong-willed.
You feel your anger nearly subside.
You are no longer berserk.
You are exhausted.
You feel yourself slow down.
You start resting.
A steam dragon comes into view.
You feel yourself speed up.
The steam dragon hisses angrily.
The steam dragon breathes steam at you. The ball of steam misses you.
You hear a shout! x2; You hear a bellow! x2
You feel better.
You are engulfed in a cloud of scalding steam.
* * * LOW HITPOINT WARNING * * *
A yak comes into view. x2
A gnoll comes into view. It is wielding a +0 spear.
The gnoll shouts!
You hear a bellow!
The steam dragon breathes steam at you. The ball of steam hits you.
* * * LOW HITPOINT WARNING * * *
You hear a bark!
You hear a bellow!
You hear a shout! x2; You hear a bellow!
You hear a shout!
You hear an angry hiss.
You hear a bellow!
You hear a bark!
You feel yourself speed up.
A hound comes into view.
The hound barks!
You hear a bark!
You see here 13 gold pieces.
You now have 299 gold pieces (gained 13).
You recover from your berserk rage.
A water moccasin and a centaur come into view.
The water moccasin hisses angrily.
As you read the scroll of teleportation, it crumbles to dust.
You feel strangely unstable.
The centaur wields a +0 shortbow.
The centaur shoots an arrow.
The arrow hits you but does no damage.
The centaur shoots an arrow.
The arrow completely misses you. The hound barely misses you.
The centaur shoots an arrow.
The arrow hits you!
You die...

..#........... .. ....
............# .# c...
.≈.≈........# .#.....
............# .#.....
#...#......### .......
..≈..........####.#.....
#...#..#...D............
...............h.......#
.≈.≈...#########@..S....
........................
..#.....................
......h#####......#.....
.≈.....# ###..........
.... #######.... ..## ##


You could see a steam dragon, a water moccasin, a centaur and a hound.

Vanquished Creatures
  A black bear (D:5)
  2 ogres
  A phantom (D:5)
  A bullfrog (Sewer)
  4 bombardier beetles
  A lava snake (D:7)
  2 hounds (D:5)
  An orc priest (D:3)
  A sleepcap (D:5)
  An orc wizard (D:3)
  Robin (D:3)
  10 adders
  4 gnolls
  8 dart slugs
  4 ribbon worms
  4 orcs (D:3)
  10 ball pythons
  5 bats
  12 endoplasms
  7 giant cockroaches (Sewer)
  11 goblins
  12 hobgoblins
  8 jackals
  3 quokkas
  16 frilled lizards
  5 kobolds
  4 rats
139 creatures vanquished.

Notes
Turn   | Place    | Note
-------+----------+-------------------------------------------
     0 | D:1      | GhostPizza the Minotaur Berserker began the quest for the
                  | Orb.
     0 | D:1      | Reached XP level 1. HP: 19/19 MP: 0/0
   132 | D:1      | Reached skill level 4 in Fighting
   191 | D:2      | Reached XP level 2. HP: 27/28 MP: 1/1
   306 | D:3      | Noticed Robin
   312 | D:3      | Killed Robin
   313 | D:3      | Reached skill level 5 in Fighting
   313 | D:3      | Reached XP level 3. HP: 36/36 MP: 2/2
   354 | D:4      | Found a glowing drain.
   360 | Sewer    | Entered a sewer
   452 | Sewer    | Reached ** piety under Trog
   463 | Sewer    | Reached skill level 6 in Fighting
   463 | Sewer    | Reached XP level 4. HP: 35/44 MP: 3/3
   742 | Sewer    | Noticed a bullfrog
   749 | Sewer    | Killed a bullfrog
   750 | Sewer    | Reached skill level 7 in Fighting
   750 | Sewer    | Reached XP level 5. HP: 52/52 MP: 4/4
  1054 | D:5      | Entered Level 5 of the Dungeon
  1117 | D:5      | Reached skill level 8 in Fighting
  1151 | D:4      | Found a stormy altar of Qazlal.
  1292 | D:3      | Found Zeunag's Assorted Antiques.
  1297 | D:3      | Bought a scroll labelled TURCHA KOGROSI for 21 gold pieces
  1297 | D:3      | Bought a fuming coppery potion for 18 gold pieces
  1550 | D:1      | Reached XP level 6. HP: 61/61 MP: 5/5
  1896 | D:1      | Reached *** piety under Trog
  2454 | D:3      | Found an ornate altar of the Wu Jian Council.
  3036 | D:3      | Reached **** piety under Trog
  3231 | D:3      | Bought a scroll of identify for 42 gold pieces
  3664 | D:4      | Found a blossoming altar of Fedhas.
  3677 | D:4      | Found a staircase to the Ecumenical Temple.
  3704 | D:4      | Reached XP level 7. HP: 57/68 MP: 6/6
  3834 | D:4      | Noticed a +0 spear
  3834 | D:4      | Noticed a +0 falchion
  3834 | D:4      | Noticed a +0 short sword
  3836 | D:4      | Noticed a +0 spear
  3836 | D:4      | Noticed a +0 falchion
  3836 | D:4      | Noticed a +0 short sword
  3837 | D:4      | Noticed a +0 dagger
  3837 | D:4      | Noticed a +0 dagger
  3839 | D:4      | Found a hide-covered altar of Uskayaw.
  4226 | D:5      | Reached skill level 5 in Armour
  4297 | D:5      | Reached skill level 5 in Dodging
  4381 | D:5      | You fall into a shaft and drop 2 floors!
  4398 | D:7      | HP: 5/102 [lava snake (3)]
  4400 | D:7      | HP: 2/102 [gnoll/+2 spear of freezing[a gnoll sergeant]
                  | (2)]
  4421 | D:7      | Noticed a steam dragon
  4425 | D:7      | Noticed a yak
  4425 | D:7      | Noticed a yak
  4448 | D:7      | Shot with an arrow by a centaur

Illustrated notes

Levels and vault maps discovered:
D:1:      dpeg_cavernosity, layout_basic, minmay_hexomino_p4
D:2:      layout_basic, grunt_ministairs_12
D:3:      layout_loops_cross, nzn_wu_jian_contemplation, serial_shops, shop,
          serial_bayou_pond_e, uniq_robin
D:4:      layout_loops_ring, overflow_temple_1_default,
          nicolae_uskayaw_en_pointe, mainiacjoe_overflow_concentric_impassable,
          minmay_temple_entry_arrows, portal_sewer_entry_e
D:5:      layout_rooms, hangedman_decor_points
D:7:      layout_rooms, mainiacjoe_overflow_alcove_1,
          nicolae_kite_square_tiling_tiny, uniq_crazy_yiuf_cottage

Skill      XL: |  1  2  3  4  5  6  7 |
---------------+----------------------+-----
Fighting       | 4 5 6 7 8 |  8.0
Armour         | 4 6 |  6.3
Dodging        | 4 5 |  5.7
Maces & Flails | |  3.6

Action                     |  1- 3 |  4- 6 |  7- 9 || total
---------------------------+-------+-------+-------++-------
  Melee: Mace              |    36 |       |       ||    36
         Headbutt          |     5 |    34 |     6 ||    45
         Punch             |     1 |     2 |       ||     3
         Dagger            |    15 |   206 |       ||   221
         Long sword        |       |    16 |    39 ||    55
   Fire: Sling             |    31 |    10 |       ||    41
  Throw: Dart              |       |       |     6 ||     6
 Invoke: Berserk           |     3 |       |     1 ||     4
         Trog's Hand       |       |       |     1 ||     1
    Use: Scroll            |     1 |     5 |     1 ||     7
         Potion            |       |       |     2 ||     2
 Armour: Animal skin       |     5 |       |       ||     5
         Ring mail         |    44 |   125 |    40 ||   209
  Dodge: Dodged            |    42 |   130 |    30 ||   202
